[Event "Team 45 45 League T91"]
[Site "Internet Chess Club"]
[Date "2022.02.05"]
[Round "4"]
[White "fhunfi"]
[Black "Portola"]
[Result "0-1"]
[WhiteElo "1640"]
[BlackElo "1743"]
[Opening "French: advance, Euwe variation"]
[ECO "C02"]
[Time "17:02:19"]
[PlyCount "172"]
[TimeControl "2700+45"]

1. e4 e6 2. d4 d5 3. e5 c5 4. c3 Nc6 5. Nf3 Bd7 6. Bd3 Qb6 7. O-O cxd4 8. Re1
dxc3 9. bxc3 Bc5 10. Qe2 Nge7 11. Nbd2 Ng6 12. Nb3 Be7 13. Rb1 Qc7 14. g3 Rc8
15. h4 Nf8 16. h5 a6 17. Nfd4 Nxd4 18. cxd4 f5 19. exf6 gxf6 20. Bf4 Qd8 21.
Rbc1 Rxc1 22. Rxc1 Bc6 23. Bxa6 Qb6 24. Bd3 Kf7 25. Bd2 Qd8 26. Ba5 Qe8 27. Re1
Bd6 28. Bc3 b6 29. f4 Rg8 30. Kf2 Kg7 31. Nd2 Kh8 32. Rb1 Bc7 33. Bb5 Bxb5 34.
Rxb5 Qf7 35. Qf3 f5 36. a4 Nd7 37. Rb1 Nf6 38. Rh1 Qd7 39. Ra1 Ng4+ 40. Kg2 Qe8
41. a5 bxa5 42. Bxa5 Bxa5 43. Rxa5 Qxh5 44. Nf1 Qf7 45. Qa3 Qc7 46. Rc5 Qb7 47.
Qc3 Qb1 48. Rc8 Qe4+ 49. Kg1 Nf6 50. Rxg8+ Kxg8 51. Qc8+ Kf7 52. Qc5 Kg6 53. Qc3
Ng4 54. Qd2 h5 55. Nh2 Nxh2 56. Kxh2 Qb1 57. Qe3 Qc2+ 58. Kg1 Qe4 59. Qf2 Kf7
60. Kh2 Ke7 61. Qd2 Kd7 62. Qb2 Kc6 63. Qc3+ Kd7 64. Qd2 Ke8 65. Qd1 Ke7 66. Qd2
Kf6 67. Qf2 Qd3 68. Kg2 Ke7 69. Qb2 Qe4+ 70. Kh2 h4 71. Qb4+ Kf7 72. Qd2 hxg3+
73. Kxg3 Kg6 74. Qf2 Qd3+ 75. Kh2 Qd1 76. Qe3 Qh5+ 77. Kg2 Qg4+ 78. Kh1 Kh5 79.
Qxe6 Qf3+ 80. Kg1 Kg4 81. Qg6+ Kxf4 82. Qd6+ Ke4 83. Qe5+ Kd3 84. Qf6 Qg4+ 85.
Kf1 f4 86. Qe5 Qf3+ {White resigns} 0-1

[Event "Team 45 45 League T91"]
[Site "Internet Chess Club"]
[Date "2022.02.03"]
[Round "4"]
[White "ivanson"]
[Black "fireball"]
[Result "1-0"]
[WhiteElo "1608"]
[BlackElo "1575"]
[Opening "French: Tarrasch"]
[ECO "C03"]
[Time "17:01:55"]
[PlyCount "59"]
[TimeControl "2700+45"]

1. e4 e6 2. d4 d5 3. Nd2 dxe4 4. Nxe4 Be7 5. Nf3 Nd7 6. Bd3 Ngf6 7. Qe2 O-O 8.
Bg5 b6 9. Nxf6+ Nxf6 10. Bxf6 Bxf6 11. Qe4 g6 12. Qxa8 Bxd4 13. O-O-O Qf6 14.
Nxd4 Qxd4 15. Qf3 Qc5 16. Be4 Ba6 17. Rd2 Bb5 18. Rhd1 f5 19. Bd3 Bc6 20. Qg3
Bd5 21. Kb1 b5 22. Qe3 Qc6 23. Bf1 a5 24. Qc3 Qb6 25. Qd4 Qb7 26. f3 c6 27. c4
bxc4 28. Bxc4 c5 29. Bxd5 exd5 30. Qxd5+ {Black resigns} 1-0

[Event "Team 45 45 League T91"]
[Site "Internet Chess Club"]
[Date "2022.02.07"]
[Round "4"]
[White "ChessG2011"]
[Black "rubo"]
[Result "0-1"]
[WhiteElo "1459"]
[BlackElo "1510"]
[Opening "Caro-Kann: Steinitz variation"]
[ECO "B17"]
[Time "19:00:33"]
[PlyCount "142"]
[TimeControl "2700+45"]

1. e4 c6 2. d4 d5 3. Nc3 dxe4 4. Nxe4 Nd7 5. Nf3 Ngf6 6. Nxf6+ Nxf6 7. Be2 Bf5
8. Be3 e6 9. O-O Bd6 10. Qd2 Ne4 11. Qd1 O-O 12. Bd3 Bg6 13. c3 Nf6 14. Qc2 Bxd3
15. Qxd3 h6 16. Rfd1 Qc7 17. h3 Rfd8 18. Qe2 e5 19. dxe5 Bxe5 20. Nxe5 Qxe5 21.
Qe1 b6 22. Bd4 Qxe1+ 23. Rxe1 Nd5 24. Re2 Re8 25. Rae1 Rxe2 26. Rxe2 c5 27. Be5
Re8 28. Kf1 f6 29. Bg3 Rxe2 30. Kxe2 Ne7 31. Ke3 Kf7 32. Bd6 Nf5+ 33. Ke4 Nxd6+
34. Kd5 Ke7 35. b4 cxb4 36. cxb4 Kd7 37. a4 a6 38. a5 b5 39. Kc5 Nc4 40. f3 f5
41. Kd5 g5 42. g3 h5 43. g4 hxg4 44. hxg4 fxg4 45. fxg4 Ne3+ 46. Ke5 Nxg4+ 47.
Kf5 Ne3+ 48. Kxg5 Ke6 49. Kf4 Nd5+ 50. Ke4 Nxb4 51. Kd4 Kd6 52. Kc3 Nc6 53. Kb3
Kc5 54. Kc3 Nxa5 55. Kb2 b4 56. Kc2 Kc4 57. Kb2 Nb3 58. Kc2 a5 59. Kb2 a4 60.
Kc2 a3 61. Kb1 Nd4 62. Kc1 Kb3 63. Kd2 a2 64. Kd3 a1=Q 65. Ke4 Kc4 66. Kf4 Qe1
67. Kg5 Qf2 68. Kg6 Qf5+ 69. Kg7 Ne6+ 70. Kg8 Qg6+ 71. Kh8 Qg7# {White
checkmated} 0-1

[Event "Team 45 45 League T91"]
[Site "Internet Chess Club"]
[Date "2022.02.05"]
[Round "4"]
[White "g8wrb"]
[Black "smsxman"]
[Result "1-0"]
[WhiteElo "1297"]
[BlackElo "1404"]
[Opening "Nimzovich-Larsen attack"]
[ECO "A01"]
[Time "07:00:49"]
[PlyCount "81"]
[TimeControl "2700+45"]

1. b3 Nc6 2. Bb2 d5 3. e3 e5 4. Bb5 Bd7 5. Bxc6 Bxc6 6. Bxe5 Nf6 7. Nf3 g6 8.
O-O Bg7 9. Nc3 O-O 10. Qe2 Re8 11. d4 a6 12. a4 Ng4 13. Bxg7 Kxg7 14. b4 Nf6 15.
Ne5 Bd7 16. Qf3 Bf5 17. Rfc1 c6 18. a5 Ne4 19. Na4 f6 20. Nd3 Ng5 21. Qe2 Ne6
22. Qd2 Ng5 23. Nb6 Rb8 24. Nc5 Qd6 25. c4 Ne4 26. Nxe4 Bxe4 27. cxd5 cxd5 28.
Rc5 Kg8 29. f3 Bf5 30. Rxd5 Qe7 31. e4 Be6 32. Rc5 f5 33. d5 Bc8 34. d6 Qg7 35.
Re1 Bd7 36. e5 Bc6 37. f4 h6 38. Rd1 Rbd8 39. Qc2 Re6 40. Qc4 Kh7 41. Qxe6
{Black resigns} 1-0

[Event "Team 45 45 League T91"]
[Site "Internet Chess Club"]
[Date "2022.02.05"]
[Round "4"]
[White "dgmesser"]
[Black "MrAbendroth"]
[Result "0-1"]
[WhiteElo "1561"]
[BlackElo "1735"]
[Opening "Sicilian: Najdorf, 6...e6"]
[ECO "B95"]
[Time "15:30:27"]
[PlyCount "60"]
[TimeControl "2700+45"]

1. e4 c5 2. Nf3 d6 3. d4 cxd4 4. Nxd4 Nf6 5. Nc3 a6 6. Bg5 e6 7. f3 Be7 8. Bc4
Qc7 9. Bb3 Nc6 10. Nxc6 Qxc6 11. O-O Qc5+ 12. Kh1 Qxg5 13. f4 Qc5 14. e5 dxe5
15. Na4 Qc7 16. fxe5 Nd5 17. Bxd5 exd5 18. Qxd5 Be6 19. Qe4 O-O 20. Nc3 Rad8 21.
Rad1 b5 22. Rd3 Rxd3 23. cxd3 Rd8 24. d4 Qc4 25. Rd1 Bd5 26. Nxd5 Qxd5 27. Qxd5
Rxd5 28. Kg1 Bc5 29. Kf2 Rxd4 30. Rc1 Rc4+ {White resigns} 0-1

[Event "Team 45 45 League T91"]
[Site "Internet Chess Club"]
[Date "2022.02.08"]
[Round "4"]
[White "evan7284"]
[Black "ghowell"]
[Result "1/2-1/2"]
[WhiteElo "1571"]
[BlackElo "1496"]
[Opening "Queen's pawn: Chigorin variation"]
[ECO "D00"]
[Time "14:30:28"]
[PlyCount "79"]
[TimeControl "2700+45"]

1. d4 d5 2. Nc3 Nf6 3. Bf4 e6 4. a3 Be7 5. e3 O-O 6. Bd3 c5 7. h3 c4 8. Be2 Bd7
9. Nf3 Nc6 10. Ne5 a6 11. O-O b5 12. Bf3 Nxe5 13. dxe5 Ne8 14. e4 dxe4 15. Bxe4
Rc8 16. Qh5 g6 17. Qh6 Ng7 18. Rad1 Qe8 19. g4 Bc6 20. h4 f6 21. exf6 Rxf6 22.
Be5 Rf7 23. h5 Bxe4 24. Nxe4 gxh5 25. gxh5 Qf8 26. Ng5 Bxg5 27. Qxg5 Rf5 28. Qg3
Qe7 29. Rd4 Rg5 30. Rg4 Rxg4 31. Qxg4 Kf8 32. Rd1 Nf5 33. Qf4 Rd8 34. Rxd8+ Qxd8
35. Qf3 Qg5+ 36. Kh2 Qd2 37. Qa8+ Kf7 38. Qb7+ Ne7 39. Qf3+ Nf5 40. Qb7+ {Game
drawn by mutual agreement} 1/2-1/2

[Event "Team 45 45 League T91"]
[Site "Internet Chess Club"]
[Date "2022.02.05"]
[Round "4"]
[White "keithuws"]
[Black "gduranko"]
[Result "0-1"]
[WhiteElo "1150"]
[BlackElo "1467"]
[Opening "Sicilian: accelerated fianchetto, modern variation"]
[ECO "B34"]
[Time "17:00:23"]
[PlyCount "86"]
[TimeControl "2700+45"]

1. e4 c5 2. Nf3 g6 3. d4 cxd4 4. Nxd4 Nc6 5. Nc3 Bg7 6. Be3 Nf6 7. Qd2 Ng4 8.
O-O-O Nxe3 9. Nxc6 bxc6 10. Qxe3 a5 11. g3 O-O 12. a4 Rb8 13. Bc4 Qc7 14. Qg5 d6
15. Rhe1 Bxc3 16. bxc3 e6 17. h4 d5 18. Ba2 Ba6 19. h5 Qd8 20. Qg4 Qf6 21. hxg6
fxg6 22. f4 h5 23. Qf3 Qe7 24. exd5 Qa3+ 25. Kd2 Qxa2 26. Rxe6 Qxd5+ 27. Qxd5
cxd5 28. Rxg6+ Kf7 29. Rxa6 Rg8 30. Rg1 Rg4 31. Rxa5 h4 32. Rh1 hxg3 33. Ra7+
Ke6 34. Rh6+ Kf5 35. Rf7+ Ke4 36. Ke2 Re8 37. Kf1 g2+ 38. Kg1 Rg3 39. f5 Rb8 40.
Re6+ Kf3 41. Re1 Rh8 42. Re3+ Kxe3 43. Re7+ Kf3 {White resigns} 0-1

[Event "Team 45 45 League T91"]
[Site "Internet Chess Club"]
[Date "2022.02.06"]
[Round "4"]
[White "natalieH"]
[Black "OGO"]
[Result "1-0"]
[WhiteElo "1112"]
[BlackElo "1233"]
[Opening "Bird's opening"]
[ECO "A02"]
[Time "12:58:28"]
[PlyCount "41"]
[TimeControl "2700+45"]

1. f4 Nc6 2. Nf3 d6 3. d4 Bf5 4. e3 g6 5. Be2 Bg7 6. O-O e5 7. d5 Nb4 8. Na3 Nf6
9. Bc4 exf4 10. exf4 O-O 11. c3 Na6 12. Be3 Ng4 13. Re1 Qd7 14. Nd4 Nxe3 15.
Rxe3 Nc5 16. Qe2 Rae8 17. Nxf5 Rxe3 18. Nxe3 Re8 19. Nac2 Bh6 20. Qf3 Nd3 21.
Bxd3 {Black resigns} 1-0

[Event "Team 45 45 League T91"]
[Site "Internet Chess Club"]
[Date "2022.02.05"]
[Round "4"]
[White "elmaestro"]
[Black "Signofthetimes"]
[Result "0-1"]
[WhiteElo "1646"]
[BlackElo "1529"]
[Opening "Queen's pawn"]
[ECO "A40"]
[Time "23:18:41"]
[PlyCount "110"]
[TimeControl "2700+45"]

1. d4 c6 2. e3 d5 3. Bd3 Nf6 4. Nd2 Bg4 5. f3 Bh5 6. Ne2 e6 7. Nf4 Bd6 8. Nxh5
Nxh5 9. f4 Qh4+ 10. Ke2 Qg4+ 11. Kf2 Qxd1 12. Rxd1 Nf6 13. h3 Nbd7 14. g4 h6 15.
c3 O-O-O 16. a4 g5 17. Kf3 Rdg8 18. f5 e5 19. e4 h5 20. Rg1 hxg4+ 21. hxg4 Rh3+
22. Rg3 Rxg3+ 23. Kxg3 exd4+ 24. Kf3 Ne5+ 25. Ke2 Nxd3 26. Kxd3 dxc3 27. bxc3
Nxg4 28. exd5 Ne5+ 29. Kd4 c5+ 30. Ke4 Rh8 31. Nf3 Nxf3 32. Kxf3 Rh3+ 33. Ke4 f6
34. Be3 b6 35. c4 Rh4+ 36. Kd3 Bf4 37. Bf2 Rh3+ 38. Ke4 Rc3 39. d6 Kd7 40. a5
Kxd6 41. axb6 axb6 42. Ra4 Kc6 43. Bg1 Be5 44. Bf2 Rc1 45. Kd3 Ra1 46. Rxa1 Bxa1
47. Ke4 Bd4 48. Bg3 b5 49. Kd3 b4 50. Kc2 Be5 51. Bf2 g4 52. Kd3 g3 53. Be3 Bd4
54. Bxd4 cxd4 55. Kxd4 g2 {White resigns} 0-1

[Event "Team 45 45 League T91"]
[Site "Internet Chess Club"]
[Date "2022.02.04"]
[Round "4"]
[White "scostanzo212"]
[Black "Gojira"]
[Result "1/2-1/2"]
[WhiteElo "1569"]
[BlackElo "1556"]
[Opening "QGD Slav: 4.Nc3"]
[ECO "D15"]
[Time "20:01:41"]
[PlyCount "67"]
[TimeControl "2700+45"]

1. d4 d5 2. c4 c6 3. Nf3 Nf6 4. Nc3 a6 5. e3 Bf5 6. Bd3 Bg6 7. O-O e6 8. b3 Bd6
9. Bb2 Nbd7 10. Re1 Ne4 11. c5 Bc7 12. b4 Ndf6 13. h3 Nxc3 14. Bxc3 Ne4 15. Bb2
Qe7 16. a4 Ng5 17. Nxg5 Qxg5 18. Qe2 Be4 19. Bxe4 dxe4 20. b5 Ba5 21. Rf1 O-O
22. Qc2 Qd5 23. bxc6 bxc6 24. Rfb1 Rfb8 25. Bc1 Bb4 26. Qb3 Rb7 27. Qxd5 exd5
28. Rb3 a5 29. Rab1 Rab8 30. Bd2 Kf8 31. Kf1 Ke7 32. Ke2 Kd7 33. Kd1 Kc7 34. Kc2
{Game drawn by mutual agreement} 1/2-1/2

[Event "Team 45 45 League T91"]
[Site "Internet Chess Club"]
[Date "2022.02.04"]
[Round "4"]
[White "AlWynJones"]
[Black "Kingofknights"]
[Result "0-1"]
[WhiteElo "1312"]
[BlackElo "1576"]
[Opening "English: Caro-Kann defensive system"]
[ECO "A11"]
[Time "11:30:20"]
[PlyCount "152"]
[TimeControl "2700+45"]

1. c4 c6 2. Nc3 d5 3. e3 e5 4. d4 exd4 5. exd4 Nf6 6. b3 Bf5 7. a3 Be7 8. Bd3
Bxd3 9. Qxd3 dxc4 10. bxc4 O-O 11. Nf3 Re8 12. O-O Qc7 13. Re1 Nbd7 14. Bg5 h6
15. Bh4 Rad8 16. Bg3 Bd6 17. Bxd6 Qxd6 18. Rxe8+ Rxe8 19. Re1 Rxe1+ 20. Nxe1
Qxa3 21. f3 Qd6 22. Nc2 Nc5 23. Qf5 Ne6 24. d5 cxd5 25. cxd5 Qc5+ 26. Kf1 Qxc3
27. dxe6 Qc4+ 28. Kf2 Qxe6 29. Qd3 Qd5 30. Qe2 Qc5+ 31. Ke1 b5 32. Kd1 a5 33.
Kc1 b4 34. Kb1 g6 35. Qd2 Qd5 36. Qxh6 b3 37. Na3 Qd4 38. Qc1 Nd5 39. Qc8+ Kg7
40. Nc4 Qc3 41. Nd6 Qe1+ 42. Qc1 Qxc1+ 43. Kxc1 Nb6 44. h4 a4 45. Kb2 Kf6 46. g4
Ke6 47. Nb5 Nc4+ 48. Kc3 b2 49. Kc2 a3 50. Nc3 Kf6 51. Kb3 Nd2+ 52. Ka2 Nxf3 53.
h5 g5 54. Kxa3 b1=Q 55. Nxb1 Ne5 56. Nc3 Nxg4 57. Ne4+ Kf5 58. Ng3+ Kf4 59. Ne2+
Ke3 60. Ng3 Nh6 61. Kb4 f5 62. Kc3 f4 63. Nf1+ Ke2 64. Nd2 g4 65. Ne4 g3 66. Ng5
g2 67. Nh3 f3 68. Kd4 f2 69. Nf4+ Kf3 70. Ke5 g1=Q 71. Kf6 Kxf4 72. Ke7 Qg5+ 73.
Kf8 Qxh5 74. Kg7 Kf5 75. Kh8 Qg5 76. Kh7 Kf6 {White resigns} 0-1

[Event "Team 45 45 League T91"]
[Site "Internet Chess Club"]
[Date "2022.02.04"]
[Round "4"]
[White "tightfist"]
[Black "Fulmar"]
[Result "1-0"]
[WhiteElo "1442"]
[BlackElo "1273"]
[Opening "Nimzovich-Larsen attack: modern variation"]
[ECO "A01"]
[Time "12:13:30"]
[PlyCount "85"]
[TimeControl "2700+45"]

1. b3 e5 2. Bb2 Nc6 3. c4 g6 4. d3 Bg7 5. Nc3 Nge7 6. Nf3 O-O 7. e4 d6 8. Be2 f5
9. O-O f4 10. a3 h6 11. b4 Qe8 12. Qb3 Be6 13. Nd5 Qd7 14. Rfd1 g5 15. Nxe7+
Nxe7 16. d4 exd4 17. Bxd4 Ng6 18. Bxg7 Qxg7 19. Nd4 Bd7 20. c5+ Qf7 21. Bc4 d5
22. Bxd5 Rae8 23. Bxf7+ Rxf7 24. f3 Ne5 25. b5 Kg7 26. Rac1 g4 27. c6 Bc8 28.
cxb7 Bxb7 29. Ne6+ Kh7 30. Nd8 g3 31. Nxf7 gxh2+ 32. Kxh2 Ng4+ 33. fxg4 Rxe4 34.
Re1 Rd4 35. Qc2+ Kg7 36. Qxc7 f3 37. Qxb7 Rxg4 38. gxf3 Rh4+ 39. Kg3 Rh5 40. Rh1
Rxh1 41. Rxh1 Kg6 42. Rxh6+ Kf5 43. Qe4# {Black checkmated} 1-0

[Event "Team 45 45 League T91"]
[Site "Internet Chess Club"]
[Date "2022.02.03"]
[Round "4"]
[White "kabindra"]
[Black "fvafier"]
[Result "0-1"]
[WhiteElo "1697"]
[BlackElo "1531"]
[Opening "French: advance, Euwe variation"]
[ECO "C02"]
[Time "17:30:20"]
[PlyCount "87"]
[TimeControl "2700+45"]

1. e4 e6 2. d4 d5 3. e5 c5 4. c3 Nc6 5. Nf3 Bd7 6. Bd3 Rc8 7. a3 cxd4 8. cxd4
Qb6 9. O-O Nxd4 10. Nbd2 Nxf3+ 11. Nxf3 Nh6 12. b4 a6 13. Ng5 Nf5 14. Qh5 g6 15.
Qh3 Qd4 16. Be3 Qxd3 17. Rad1 Qc3 18. Rc1 Qxe5 19. Rxc8+ Bxc8 20. Rc1 Bd7 21.
Nf3 Qf6 22. Bg5 Qg7 23. Bf4 Bd6 24. Bxd6 Nxd6 25. Qg3 Ke7 26. Re1 Rc8 27. Qg5+
Kf8 28. Qf4 Ne4 29. Ne5 Bb5 30. f3 Nf6 31. Ng4 Nxg4 32. fxg4 Ke7 33. Qg5+ Kf8
34. Qf4 Kg8 35. h4 Qc3 36. Qf2 Qc2 37. Qg3 Qc3 38. Re3 Qc7 39. Qf2 Qc2 40. Qg3
Qc1+ 41. Kh2 Qc7 42. Re5 f6 43. Rxe6 Qxg3+ 44. Kxg3 {White resigns} 0-1

[Event "Team 45 45 League T91"]
[Site "Internet Chess Club"]
[Date "2022.02.04"]
[Round "4"]
[White "Denis240964"]
[Black "oldbookseller"]
[Result "1-0"]
[WhiteElo "1375"]
[BlackElo "882"]
[Opening "QGD: 3...Nf6"]
[ECO "D35"]
[Time "13:30:45"]
[PlyCount "57"]
[TimeControl "2700+45"]

1. d4 d5 2. c4 e6 3. Nc3 Nf6 4. e3 b6 5. Nf3 Bb7 6. cxd5 exd5 7. Be2 Bd6 8. O-O
O-O 9. Qc2 h6 10. Re1 Nbd7 11. Nb5 Qe7 12. Nxd6 Qxd6 13. h3 c5 14. dxc5 bxc5 15.
b3 d4 16. exd4 cxd4 17. Qd3 Ne5 18. Nxe5 Qxe5 19. Bb2 Qg5 20. Bf3 Nd5 21. Bc1
Nf4 22. Bxf4 Qxf4 23. Bxb7 Rad8 24. Re4 Qf5 25. Rd1 Rd6 26. Rxd4 Qxf2+ 27. Kxf2
Rf6+ 28. Kg1 Re8 29. Rd8 {Black resigns} 1-0

[Event "Team 45 45 League T91"]
[Site "Internet Chess Club"]
[Date "2022.02.03"]
[Round "4"]
[White "Zugzwanged"]
[Black "primerpaso"]
[Result "1/2-1/2"]
[WhiteElo "1699"]
[BlackElo "1866"]
[Opening "Sicilian: Grand Prix attack"]
[ECO "B23"]
[Time "14:03:45"]
[PlyCount "53"]
[TimeControl "2700+45"]

1. e4 c5 2. Nc3 Nc6 3. f4 g6 4. Nf3 Bg7 5. Bb5 Nd4 6. O-O e6 7. e5 Ne7 8. Nxd4
cxd4 9. Ne4 O-O 10. b3 Qa5 11. a4 Rd8 12. Ba3 Nd5 13. Bc5 f5 14. exf6 Nxf6 15.
b4 Qc7 16. Bd6 Qb6 17. Bc5 Qc7 18. d3 d5 19. Nxf6+ Bxf6 20. a5 Bd7 21. Bxd7 Qxd7
22. Qe2 Re8 23. Qf2 Qg7 24. Rfe1 a6 25. Re2 Rac8 26. Rae1 Rc6 27. g3 {Game drawn
by mutual agreement} 1/2-1/2

[Event "Team 45 45 League T91"]
[Site "Internet Chess Club"]
[Date "2022.02.04"]
[Round "4"]
[White "BrianWood"]
[Black "Electryon"]
[Result "1/2-1/2"]
[WhiteElo "1493"]
[BlackElo "1486"]
[Opening "Dutch defense, Rubinstein variation"]
[ECO "A40"]
[Time "20:03:06"]
[PlyCount "61"]
[TimeControl "2700+45"]

1. d4 e6 2. c4 f5 3. Nc3 Nf6 4. Nf3 Bb4 5. Qb3 Nc6 6. d5 exd5 7. cxd5 Bxc3+ 8.
bxc3 Na5 9. Qc2 Ne4 10. e3 O-O 11. Be2 b6 12. O-O Nb7 13. Nd4 Qg5 14. f3 Ned6
15. e4 f4 16. g3 Nc5 17. Kh1 Ba6 18. Bxa6 Nxa6 19. gxf4 Qh5 20. f5 Qh3 21. Rg1
c5 22. dxc6 dxc6 23. Qg2 Qxg2+ 24. Rxg2 c5 25. Ne6 Rf7 26. Bf4 Ne8 27. Rag1 Nac7
28. Bxc7 Nxc7 29. Rxg7+ Rxg7 30. Rxg7+ Kh8 31. Rxc7 {Game drawn by mutual
agreement} 1/2-1/2

[Event "Team 45 45 League T91"]
[Site "Internet Chess Club"]
[Date "2022.02.04"]
[Round "4"]
[White "tryanything"]
[Black "jjmolina1"]
[Result "1/2-1/2"]
[WhiteElo "1449"]
[BlackElo "1413"]
[Opening "Ponziani opening"]
[ECO "C44"]
[Time "04:00:51"]
[PlyCount "103"]
[TimeControl "2700+45"]

1. e4 e5 2. Nf3 Nc6 3. c3 d5 4. Qa4 Qd6 5. Bb5 Bd7 6. d3 dxe4 7. dxe4 Nf6 8. O-O
a6 9. Be3 Rd8 10. Be2 Nd4 11. Qd1 Nxf3+ 12. Bxf3 Bc6 13. Nd2 Qe6 14. Qc2 Bd6 15.
h3 Qe7 16. Nc4 Bc5 17. Rad1 O-O 18. b4 Rxd1 19. Rxd1 Bxe3 20. Nxe3 Rd8 21. Rxd8+
Qxd8 22. Ng4 Qd6 23. Nxf6+ Qxf6 24. Be2 Qh4 25. f3 h5 26. Qd2 Qf6 27. c4 Be8 28.
c5 h4 29. a3 Kf8 30. Kf2 Qe7 31. f4 f6 32. f5 g5 33. Bf3 Qd7 34. Qxd7 Bxd7 35.
g3 hxg3+ 36. Kxg3 Kg7 37. h4 gxh4+ 38. Kxh4 Kh6 39. Be2 Ba4 40. Bf3 Bc2 41. Kg4
b6 42. Kh4 Bb3 43. Be2 a5 44. Bf3 axb4 45. axb4 Bc4 46. Kg4 Bf7 47. Kh4 bxc5 48.
bxc5 Kg7 49. Be2 Kf8 50. Bb5 Ke7 51. Bc6 Kd8 52. Kg4 {Game drawn by mutual
agreement} 1/2-1/2

[Event "Team 45 45 League T91"]
[Site "Internet Chess Club"]
[Date "2022.02.06"]
[Round "4"]
[White "Andaluz"]
[Black "clarinetref"]
[Result "0-1"]
[WhiteElo "1267"]
[BlackElo "1467"]
[Opening "Sicilian: dragon variation"]
[ECO "B70"]
[Time "14:00:42"]
[PlyCount "68"]
[TimeControl "2700+45"]

1. e4 c5 2. Nf3 d6 3. d4 cxd4 4. Nxd4 Nf6 5. Nc3 g6 6. Bb5+ Bd7 7. Be3 a6 8.
Bxd7+ Qxd7 9. h3 Nc6 10. Nxc6 bxc6 11. Qd2 Qb7 12. Rb1 h6 13. O-O Bg7 14. Kh2 d5
15. exd5 cxd5 16. Rfd1 Rd8 17. Bf4 g5 18. Bg3 O-O 19. Qe2 e6 20. Be5 Qb6 21. Bd4
Qc6 22. Qf3 Qd6+ 23. Qg3 Qc6 24. Qf3 Nd7 25. Bxg7 Kxg7 26. Kg1 Ne5 27. Qe2 Nc4
28. Qf3 Rb8 29. b3 Na3 30. Rb2 Rbc8 31. Rd3 Rb8 32. Qd1 Rfc8 33. Qd2 Nc4 34. Qe2
Nxb2 {White resigns} 0-1

[Event "Team 45 45 League T91"]
[Site "Internet Chess Club"]
[Date "2022.02.06"]
[Round "4"]
[White "cadmiumorange"]
[Black "Goli"]
[Result "0-1"]
[WhiteElo "1871"]
[BlackElo "1778"]
[Opening "Queen's pawn game"]
[ECO "A45"]
[Time "06:31:02"]
[PlyCount "94"]
[TimeControl "2700+45"]

1. d4 Nf6 2. Nc3 g6 3. Bg5 Bg7 4. e4 d6 5. Qd2 a6 6. f4 O-O 7. e5 dxe5 8. fxe5
Nd5 9. Bc4 Nxc3 10. bxc3 c5 11. Nf3 b5 12. Be2 cxd4 13. cxd4 Nc6 14. O-O Qc7 15.
Rad1 Bb7 16. Bh6 Rad8 17. Bxg7 Kxg7 18. Qf4 Nb4 19. Ng5 Nd5 20. Qh4 h6 21. Rxf7+
Rxf7 22. Ne6+ Kh7 23. Nxc7 Nxc7 24. Rd3 Bc8 25. Bf3 Ne6 26. Bc6 Rdf8 27. Rf3 Nf4
28. Kf2 g5 29. Be4+ Kg7 30. Qg3 Nh5 31. Rxf7+ Rxf7+ 32. Qf3 Rxf3+ 33. Kxf3 Nf4
34. g3 Ng6 35. c3 h5 36. a3 e6 37. Bc6 Ne7 38. Be8 Nd5 39. Bxh5 Nxc3 40. Kg4 Kh6
41. h4 gxh4 42. Kxh4 Bb7 43. g4 Nb1 44. g5+ Kg7 45. Bd1 Nxa3 46. Bb3 Nc4 47. Kh5
a5 {White resigns} 0-1

[Event "Team 45 45 League T91"]
[Site "Internet Chess Club"]
[Date "2022.02.05"]
[Round "4"]
[White "walkover"]
[Black "Egmont"]
[Result "1-0"]
[WhiteElo "1709"]
[BlackElo "1561"]
[Opening "QGD Slav: Slav gambit"]
[ECO "D15"]
[Time "11:00:42"]
[PlyCount "45"]
[TimeControl "2700+45"]

1. d4 d5 2. c4 c6 3. Nf3 Nf6 4. Nc3 dxc4 5. e4 b5 6. Be2 Bb7 7. O-O e6 8. Rb1
Bb4 9. e5 Nd5 10. Ne4 Nd7 11. Bg5 f6 12. exf6 N7xf6 13. Ne5 Qc7 14. Bxf6 Nxf6
15. Ng5 Rf8 16. Nxe6 Qd6 17. Nxf8 Qxf8 18. Bf3 Nd5 19. Bg4 Kd8 20. Qc2 Nf6 21.
Bf3 Kc7 22. a3 Ba5 23. b3 {Black resigns} 1-0

[Event "Team 45 45 League T91"]
[Site "Internet Chess Club"]
[Date "2022.02.03"]
[Round "4"]
[White "scostanzo212"]
[Black "Timmah4651"]
[Result "1-0"]
[WhiteElo "1570"]
[BlackElo "1623"]
[Opening "QGD: exchange, positional line, 5...c6"]
[ECO "D35"]
[Time "22:02:33"]
[PlyCount "67"]
[TimeControl "2700+45"]

1. d4 Nf6 2. c4 e6 3. Nc3 d5 4. cxd5 exd5 5. Bg5 c6 6. e3 Bf5 7. Bd3 Bxd3 8.
Qxd3 Be7 9. Bxf6 Bxf6 10. Nf3 Nd7 11. O-O Be7 12. a3 Nb6 13. Nd2 O-O 14. b4 Rc8
15. Rfc1 Bd6 16. b5 Qg5 17. bxc6 Rxc6 18. Nb5 Rfc8 19. Rxc6 Rxc6 20. Nxd6 Rxd6
21. Nf3 Qg4 22. Ne5 Qc8 23. a4 f6 24. a5 Nc4 25. Nxc4 Qxc4 26. Qd2 Rc6 27. g3
Kf7 28. Rb1 Rc7 29. Rb4 Qa6 30. Rb1 Rc4 31. Qb2 Ke6 32. Qxb7 Rc1+ 33. Kg2 Rxb1
34. Qxa6+ {Black resigns} 1-0

[Event "Team 45 45 League T91"]
[Site "Internet Chess Club"]
[Date "2022.02.07"]
[Round "4"]
[White "jaboti"]
[Black "room-matt"]
[Result "1-0"]
[WhiteElo "1788"]
[BlackElo "1799"]
[Opening "QGD: Ragozin variation"]
[ECO "D38"]
[Time "13:02:00"]
[PlyCount "53"]
[TimeControl "2700+45"]

1. Nf3 Nf6 2. c4 e6 3. Nc3 d5 4. d4 Bb4 5. cxd5 Nxd5 6. Qc2 c5 7. e3 cxd4 8.
exd4 Nc6 9. Bd3 Nxd4 10. Nxd4 Nxc3 11. bxc3 Qxd4 12. O-O Bxc3 13. Bb5+ Ke7 14.
Ba3+ Kf6 15. Rad1 Qe5 16. Bd6 Qxb5 17. Qxc3+ Kg6 18. a4 Qg5 19. Rd3 Kh5 20. Rg3
Qf6 21. Rh3+ Kg6 22. Be5 Qf5 23. Rg3+ Kh5 24. Bxg7 Rg8 25. Rh3+ Kg6 26. Rh6+ Kg5
27. Qg3+ {Black resigns} 1-0

[Event "Team 45 45 League T91"]
[Site "Internet Chess Club"]
[Date "2022.02.04"]
[Round "4"]
[White "fhunfi"]
[Black "Packerfan"]
[Result "0-1"]
[WhiteElo "1653"]
[BlackElo "1770"]
[Opening "Ruy Lopez: Schliemann defense"]
[ECO "C63"]
[Time "14:30:27"]
[PlyCount "120"]
[TimeControl "2700+45"]

1. e4 e5 2. Nf3 Nc6 3. Bb5 f5 4. d3 fxe4 5. dxe4 Nf6 6. Nc3 Bc5 7. Qd3 d6 8. Bg5
Be6 9. Nd5 O-O 10. Bc4 Kh8 11. a3 a6 12. b4 Ba7 13. Rd1 Rc8 14. h3 Qe8 15. Nxf6
gxf6 16. Bxe6 Qxe6 17. Be3 Bxe3 18. fxe3 Ne7 19. g4 Rcd8 20. Ke2 d5 21. Nh4 dxe4
22. Qxe4 Nd5 23. Rd3 Qc6 24. Kd2 Nxb4 25. Qxc6 Nxc6 26. Nf5 Na5 27. Kc3 Rxd3+
28. cxd3 b5 29. Kb4 Nb7 30. Rd1 c5+ 31. Kc3 Rd8 32. Rd2 Nd6 33. Nxd6 Rxd6 34. d4
exd4+ 35. exd4 cxd4+ 36. Rxd4 Re6 37. Rd3 a5 38. Kd2 Kg7 39. Rd7+ Kg6 40. Ra7 a4
41. Rd7 h5 42. Kd3 hxg4 43. hxg4 Kg5 44. Rd4 Re1 45. Kc3 Rb1 46. Rd6 Rb3+ 47.
Kd4 Rxa3 48. Rd5+ Kxg4 49. Rxb5 Rb3 50. Ra5 a3 51. Kc4 Rf3 52. Kd4 f5 53. Ra8
Kg3 54. Ke5 f4 55. Ra4 Rb3 56. Ke4 f3 57. Ra8 f2 58. Rg8+ Kh2 59. Rh8+ Kg1 60.
Rg8+ Kf1 {White resigns} 0-1

[Event "Team 45 45 League T91"]
[Site "Internet Chess Club"]
[Date "2022.02.06"]
[Round "4"]
[White "ivanson"]
[Black "MrAbendroth"]
[Result "1/2-1/2"]
[WhiteElo "1614"]
[BlackElo "1729"]
[Opening "Sicilian: Alapin's variation (2.c3)"]
[ECO "B22"]
[Time "14:00:45"]
[PlyCount "80"]
[TimeControl "2700+45"]

1. e4 c5 2. c3 Nf6 3. e5 Nd5 4. Nf3 e6 5. Bc4 Nc6 6. d4 cxd4 7. cxd4 d6 8. O-O
Be7 9. Qe2 dxe5 10. dxe5 Nb6 11. Rd1 Qc7 12. Bb3 O-O 13. Nc3 a6 14. Bf4 Nb4 15.
Rac1 Qb8 16. a3 Nc6 17. Qe4 Nd7 18. Bc2 g6 19. h4 Nc5 20. Qe2 h5 21. Bg3 a5 22.
Ne4 Nxe4 23. Bxe4 Ra6 24. Qc2 Kg7 25. Qd2 Rd8 26. Qe2 Rb6 27. Bf4 Rxd1+ 28. Rxd1
Qc7 29. Qd2 Qd8 30. Qc1 Qe8 31. Bh6+ Kg8 32. Be3 Ra6 33. Bd3 Ra8 34. Bb5 Bd7 35.
Qd2 Bc8 36. Bg5 Kg7 37. Bh6+ Kg8 38. Bg5 Kg7 39. Bh6+ Kg8 40. Bg5 Kg7 {Game
drawn by repetition} 1/2-1/2